 Dungeon Crawl Stone Soup version 0.31.0-4-g52a2dc7128 (webtiles) character file.

Game seed: 573868779164313100

153931 GordonOverkill the Warrior (level 17, -15/155 HPs)
             Began as a Merfolk Earth Elementalist on Jan 22, 2024.
             Was a High Priest of Trog.
             Killed from afar by a salamander tyrant (22 damage)
             ... with a flame surge
             ... on level 4 of the Snake Pit.
             The game lasted 01:19:57 (48695 turns).

GordonOverkill the Warrior (MfEE)                  Turns: 48695, Time: 01:19:58

Health: -15/155    AC: 13    Str: 16    XL:     17   Next: 61%
Magic:  0/20       EV: 17    Int: 14    God:    Trog [*****.]
Gold:   261        SH: 19    Dex: 17    Spells: 19/20 levels left

rFire   . . .        a - +5 trident "Sarcophage" {venom, Dex+2}
rCold   . . .        U - +0 tower shield
rNeg    . . .        L - +2 leather armour {rPois}
rPois   +            d - +1 helmet
rElec   .            M - +0 cloak
rCorr   .            (no gloves)
SInv    .            N - +2 pair of boots
Will    +....        S - amulet of guardian spirit
Stlth   ++           n - +5 ring of evasion
HPRegen 0.45/turn    P - +4 ring of slaying
MPRegen 0.17/turn

%: guardian spirit
@: about to teleport, weakened, on berserk cooldown, slowed, very slow
A: (nimble swimmer 2), mertail
a: Renounce Religion, Berserk, Trog's Hand, Brothers in Arms


You were on level 4 of the Snake Pit.
You worshipped Trog.
Trog was extremely pleased with you.
You visited 5 branches of the dungeon, and saw 27 of its levels.
You also visited: Gauntlet and Ice Cave.

You collected 2692 gold pieces.
You spent 2431 gold pieces at shops.

Inventory:

Hand Weapons
 a - the +5 trident "Sarcophage" (weapon) {venom, Dex+2}
   (You found it on level 5 of the Lair of Beasts)

   Dex+2:     It affects your dexterity (+2).
 H - a +2 trident of draining
Missiles
 h - 12 javelins (quivered)
 i - 10 throwing nets
 J - 2 curare-tipped darts
Armour
 c - +0 ice dragon scales
 d - a +1 helmet (worn)
 v - the +1 plate armour of Midwinter {Stlth+}
   (You found it on level 5 of the Lair of Beasts)

   Stlth+:    It makes you more stealthy.
 L - a +2 leather armour of poison resistance (worn)
 M - a +0 cloak (worn)
 N - a +2 pair of boots (worn)
 U - a +0 tower shield (worn)
Jewellery
 n - a +5 ring of evasion (left hand)
 D - an amulet of faith
 F - a +4 ring of protection
 P - a +4 ring of slaying (right hand)
 Q - an amulet of the acrobat
 S - an amulet of guardian spirit (around neck)
 T - the ring of Siug {rC+ rN+ Dex-4 SInv}
   (You found it in a Gauntlet)

   [ring of see invisible]

   Dex-4:     It affects your dexterity (-4).
   rC+:       It protects you from cold.
   rN+:       It protects you from negative energy.
   SInv:      It lets you see invisible.
Wands
 j - a wand of polymorph (17)
 t - a wand of paralysis (39)
 y - a wand of flame (13)
 A - a wand of digging (8)
 G - a wand of iceblast (6)
 V - a wand of quicksilver (2)
Scrolls
 e - a scroll of identify
 f - 4 scrolls of enchant weapon
 l - 4 scrolls of vulnerability
 q - 3 scrolls of fog
 s - a scroll of poison
 u - 2 scrolls of silence
 w - 3 scrolls of immolation
 x - 4 scrolls of teleportation
 B - a scroll of fear
 C - 5 scrolls of revelation
 I - 2 scrolls of butterflies
 W - a scroll of acquirement {unknown}
Potions
 b - 5 potions of magic
 g - 5 potions of resistance
 k - 3 potions of heal wounds
 m - 5 potions of berserk rage
 o - 14 potions of curing
 p - a potion of lignification
 r - 3 potions of enlightenment
 z - 4 potions of cancellation
 E - 2 potions of brilliance
 K - a potion of haste
 R - 5 potions of mutation
 X - 6 potions of might
 Y - a potion of ambrosia
Miscellaneous
 O - a lightning rod (4/4)
 Z - a phantom mirror


   Skills:
 - Level 20.0 Fighting
 - Level 14.0 Polearms
 - Level 5.0 Throwing
 + Level 10.8 Armour
 - Level 5.0 Dodging
 - Level 2.1 Stealth
 - Level 15.0 Shields
 - Level 2.0 Spellcasting
 - Level 0.7 Conjurations
 - Level 2.4 Earth Magic
 - Level 10.0 Evocations


You had 19 spell levels left.
You knew the following spells:

 Your Spells              Type           Power      Damage    Failure   Level
a - Sandblast             Erth           16%        2d6       34%         1

Your spell library contained the following spells:

 Spells                   Type           Power      Damage    Failure   Level
 Magic Dart               Conj           12%        1d3       56%         1
 Passwall                 Erth           8%         N/A       71%         3
 Blink                    Tloc           2%         N/A       80%         2
 Call Imp                 Summ           2%         N/A       80%         2
 Stone Arrow              Conj/Erth      10%        3d7       83%         3
 Fugue of the Fallen      Necr           1%         N/A       95%         3
 Gell's Gravitas          Tloc           1%         N/A       95%         3
 Ozocubu's Armour         Ice            1%         N/A       95%         3
 Teleport Other           Tloc           1%         N/A       95%         3
 Brom's Barrelling Bould  Conj/Erth      5%         2d3       99%         4
 Petrify                  Alch/Erth      4%         N/A       99%         4
 Manifold Assault         Tloc           1%         N/A       100%        4
 Dispersal                Tloc           0%         N/A       100%        6


Dungeon Overview and Level Annotations

Branches:
Dungeon (15/15)            Temple (1/1) D:5            Lair (5/5) D:9
  Swamp (0/4) Lair:3        Snake (4/4) Lair:2        Slime (0/5) Lair:4
    Orc (2/2) D:10            Elf (0/3) Orc:2        Vaults (0/5) D:13
 Depths (0/4) D:15          IceCv (visited)         Gauntlet (visited)

Altars:
Ashenzari
Cheibriados
Dithmenos
Elyvilon
Fedhas
Gozag
Hepliaklqana
Kikubaaqudgha
Makhleb
Nemelex Xobeh
Okawaru
Qazlal
Ru
Sif Muna
Trog
Uskayaw
Vehumet
Wu Jian
Xom
Yredelemnul
Zin
The Shining One
Jiyva
Lugonu

Shops:
D:13 *   D:15 *   Orc:2 **!!   Snake:1 [   Snake:2 ?   Snake:3 **

Portals:
Abyss: D:8 Lair:5

Annotations:
Snake:3 3 runed translucent doors, exclusion: obsidian statue, popper's ghost, journeyman MiBe


Innate Abilities, Weirdness & Mutations

((You are very nimble when in or above water. (Stealth+, EV+, Speed+++)))
Your lower body shifts to a powerful aquatic tail in water.


Message History

The naga mage points at you and mumbles some strange words.
The bolt of poison hits you. You resist.
* * * LOW HITPOINT WARNING * * *
Okay, then.
Unknown command.
Unknown command.
Unknown command.
Unknown command.
Okay, then.
Okay, then.
Unknown command.
Unknown command.
You feel much better.
The salamander tyrant calls gouts of flame from the lava!
The flame surge hits you!!
* * * LOW HITPOINT WARNING * * *
The salamander tyrant calls gouts of flame from the lava!
The flame surge hits you!
* * * LOW HITPOINT WARNING * * *
The nagaraja spits poison at you. The splash of poison hits you!
You are poisoned.
You resist.
* * * LOW HITPOINT WARNING * * *
A naga mage comes into view. It is wielding a +0 halberd.
You block the salamander tyrant's attack.
You feel better.
The naga mage gestures at you while chanting.
The bolt of poison hits you. You resist.
* * * LOW HITPOINT WARNING * * *
The salamander hits you from afar with a +0 halberd!
* * * LOW HITPOINT WARNING * * *
You are engulfed in flames!
* * * LOW HITPOINT WARNING * * *
The naga mage gestures at you while chanting.
The bolt of poison misses you.
A nagaraja comes into view. It is wielding a +0 spear.
The salamander tyrant calls gouts of flame from the lava!
The flame surge hits you!!
You die...

#... #N..# #....# ##....#
##### ##.....# ##...#
##N....# ##...## ##.....#
....)###########@≈NN.#####
...............≈N≈N.N..N...
.................)N).......
#..#............)..........
....#......................
.....######.....###########
.^......##.....##
.......##.....##
......##.....##


You could see 2 nagarajas, 2 salamander tyrants, 2 salamanders, 2 naga magi and
a naga (curare).

Vanquished Creatures
  Aizul (Snake:1)
  2 nagarajas
  An ironbound preserver (D:13)
  A minotaur (Gauntlet)
  Nessos (D:15)
  A dire elephant (Gauntlet)
  A green death (Gauntlet)
  An entropy weaver (shapeshifter) (Lair:5)
  Harold (Lair:2)
  An ice dragon (D:14)
  5 anacondas
  A death knight (D:14)
  Erica (Lair:1)
  6 boulder beetles
  10 hydras
  A death yak (Lair:4)
  6 two-headed ogres
  5 centaur warriors
  A sphinx skeleton (D:15)
  Urug (D:10)
  2 thrashing horrors (Lair:5)
  A vampire mage (D:15)
  3 orc high priests (Orc:2)
  2 tengu warriors
  10 naga warriors
  14 naga sharpshooters
  A storm dragon zombie (D:15)
  2 shock serpents
  A fire crab (Lair:4)
  A fire crab (shapeshifter) (Lair:5)
  Amaemon (D:8)
  A skyshark (Lair:3)
  4 sea snakes (Snake:4)
  2 salamander mystics (Snake:3)
  A storm dragon skeleton (D:15)
  3 large abominations
  6 skeletal warriors
  4 naga ritualists
  7 mana vipers
  A necromancer (D:15)
  A deep elf pyromancer (D:13)
  5 orc knights
  3 orc sorcerers (Orc:2)
  10 ugly things
  5 cyclopes
  10 salamanders
  A manticore (D:12)
  2 guardian serpents
  5 kobold blastminers
  16 elephants
  22 black mambas
  2 torpor snails
  2 ice statues (IceCv)
  3 gargoyles
  Maggie (D:8)
  18 cane toads
  2 smoke demons (Lair:5)
  14 naga magi
  An orange demon (D:8)
  A minotaur zombie (Gauntlet)
  Joseph (D:8)
  Jeremiah (D:7)
  14 rime drakes
  18 komodo dragons
  A freezing wraith (D:14)
  A kobold demonologist (D:9)
  3 efreet
  2 tengu conjurers
  5 trolls
  2 trolls (shapeshifter)
  6 polar bears
  A wolf spider simulacrum (D:14)
  24 blink frogs
  A hornet (Lair:2)
  3 raiju (Lair:5)
  6 dream sheep (Lair:4)
  Sigmund (D:3)
  3 shadows
  A spriggan (Lair:5)
  A vampire (D:12)
  4 wyverns
  8 basilisks
  35 yaks
  A death yak simulacrum (IceCv)
  A steam dragon (D:8)
  3 wargs
  5 vampire mosquitoes
  2 chaos spawn (Lair:5)
  35 nagas
  6 acid dragons
  20 water moccasins
  15 orc warriors
  6 black bears
  An ice beast (D:6)
  2 sky beasts (D:7)
  An ogre (shapeshifter) (D:15)
  8 centaurs
  2 ogres
  28 wolves
  A phantom (D:5)
  2 kobold brigands
  8 gnoll sergeants
  16 bullfrogs
  3 scorpions
  16 small abominations
  8 wights
  6 howler monkeys
  5 bombardier beetles
  9 hounds
  3 jellies (Lair:4)
  15 orc priests
  2 gnoll boudas (D:8)
  3 sleepcaps
  Jessica (D:2)
  2 iguanas (D:6)
  20 orc wizards
  3 polar bear simulacra (IceCv)
  A wolf simulacrum (IceCv)
  Robin (D:1)
  48 gnolls
  7 adders
  A white imp (D:6)
  2 ufetubi (D:6)
  2 ribbon worms (D:2)
  50 orcs
  15 endoplasms
  8 giant cockroaches
  18 goblins
  19 hobgoblins
  13 jackals
  14 kobolds
  9 quokkas
  9 ball pythons
  9 bats
  A frilled lizard (D:3)
  10 rats
  A lurking horror (D:8)
878 creatures vanquished.

Vanquished Creatures (others)
  A howler monkey (D:13)
  An orc wizard (Orc:2)
  A quokka (D:11)
  A lurking horror (D:8)
4 creatures vanquished.

Grand Total: 882 creatures vanquished

Notes
Turn   | Place    | Note
-------+----------+-------------------------------------------
     0 | D:1      | GordonOverkill the Merfolk Earth Elementalist began the
                  | quest for the Orb.
     0 | D:1      | Reached XP level 1. HP: 13/13 MP: 3/3
   112 | D:1      | Reached skill level 1 in Fighting
   226 | D:1      | Reached XP level 2. HP: 22/22 MP: 3/5
   430 | D:1      | Reached skill level 2 in Fighting
   602 | D:1      | Reached skill level 1 in Polearms
  1551 | D:1      | Reached XP level 3. HP: 27/27 MP: 3/6
  2567 | D:2      | Reached skill level 3 in Fighting
  2622 | D:2      | Noticed Jessica
  2790 | D:2      | Killed Jessica
  2791 | D:2      | Reached XP level 4. HP: 22/35 MP: 1/7
  3163 | D:2      | Noticed Robin
  3359 | D:2      | Reached XP level 5. HP: 37/41 MP: 0/8
  3741 | D:1      | Killed Robin
  3864 | D:1      | Reached skill level 4 in Fighting
  4366 | D:3      | Found a hazy altar of Hepliaklqana.
  4536 | D:2      | Reached skill level 5 in Polearms
  4921 | D:3      | Reached XP level 6. HP: 48/48 MP: 9/9
  4987 | D:3      | Noticed Sigmund
  5032 | D:3      | Killed Sigmund
  5193 | D:3      | Found a radiant altar of Vehumet.
  5435 | D:3      | Reached XP level 7. HP: 54/54 MP: 10/10
  5493 | D:3      | You fall into a shaft and drop 2 floors!
  5493 | D:5      | Entered Level 5 of the Dungeon
  5778 | D:5      | Reached skill level 1 in Evocations
  5810 | D:5      | Found a staircase to the Ecumenical Temple.
  6096 | Temple   | Entered the Ecumenical Temple
  6124 | Temple   | Became a worshipper of Trog the Wrathful
  6178 | D:4      | Reached XP level 8. HP: 60/60 MP: 11/11
  6256 | D:4      | Reached skill level 1 in Armour
  6554 | D:4      | Found Ycweilemoc's Magic Scroll Shop.
  6574 | D:4      | Bought a scroll of teleportation for 39 gold pieces
  6574 | D:4      | Bought a scroll of identify for 26 gold pieces
  6574 | D:4      | Bought a scroll of noise for 13 gold pieces
  6574 | D:4      | Bought a scroll of immolation for 52 gold pieces
  6574 | D:4      | Bought a scroll of fog for 52 gold pieces
  6605 | D:4      | Reached * piety under Trog
  7121 | D:5      | Reached skill level 10 in Polearms
  7223 | D:5      | Reached skill level 5 in Fighting
  7579 | D:6      | Reached skill level 6 in Fighting
  8249 | D:7      | Reached skill level 5 in Dodging
  8674 | D:7      | Reached XP level 9. HP: 68/69 MP: 12/12
  9127 | D:7      | Noticed Jeremiah
  9167 | D:7      | Killed Jeremiah
 10513 | D:8      | Reached ** piety under Trog
 10516 | D:8      | Noticed Maggie
 10573 | D:8      | Killed Maggie
 10574 | D:8      | Reached XP level 10. HP: 76/76 MP: 13/13
 10964 | D:7      | Reached skill level 7 in Fighting
 11165 | D:8      | Reached skill level 8 in Fighting
 11258 | D:8      | Found a shimmering altar of Xom.
 11259 | D:8      | Found a shimmering blue altar of Sif Muna.
 11354 | D:8      | Noticed an orange demon
 11357 | D:8      | Noticed Amaemon
 11383 | D:8      | Reached skill level 9 in Fighting
 11390 | D:8      | Killed Amaemon
 11400 | D:8      | Killed an orange demon
 11401 | D:8      | Reached skill level 10 in Fighting
 11757 | D:8      | Found a corrupted altar of Lugonu.
 11959 | D:8      | Found a one-way gate to the infinite horrors of the Abyss.
 12017 | D:8      | Noticed Joseph
 12026 | D:8      | Killed Joseph
 12027 | D:8      | Reached XP level 11. HP: 90/90 MP: 14/14
 12285 | D:8      | Reached *** piety under Trog
 12469 | D:9      | Reached skill level 5 in Armour
 12472 | D:9      | Reached skill level 1 in Shields
 13105 | D:9      | Found a blossoming altar of Fedhas.
 13354 | D:9      | Reached skill level 5 in Shields
 13437 | D:9      | Found a staircase to the Lair.
 13486 | D:10     | Entered Level 10 of the Dungeon
 13722 | D:10     | Noticed Urug
 13736 | D:10     | Killed Urug
 13750 | D:10     | Reached skill level 5 in Evocations
 13909 | D:10     | Found a staircase to the Orcish Mines.
 14133 | D:10     | Found a shadowy altar of Dithmenos.
 14646 | D:11     | Found a white marble altar of Elyvilon.
 14687 | D:11     | Reached skill level 11 in Fighting
 15574 | D:12     | Found a frozen archway.
 15584 | IceCv    | Entered an ice cave
 15584 | IceCv    | Noticed a white ugly thing
 15604 | IceCv    | Killed a white ugly thing
 15605 | IceCv    | Reached skill level 12 in Fighting
 15605 | IceCv    | Reached XP level 12. HP: 102/102 MP: 15/15
 15661 | IceCv    | Found a transporter.
 15669 | IceCv    | Found a transporter.
 16223 | D:12     | Noticed a two-headed ogre
 16230 | D:12     | Killed a two-headed ogre
 16837 | D:12     | Noticed a boulder beetle
 16874 | D:12     | Killed a boulder beetle
 17467 | D:12     | Noticed a two-headed ogre
 17477 | D:12     | Killed a two-headed ogre
 19185 | Lair:1   | Entered Level 1 of the Lair of Beasts
 19192 | D:9      | Reached skill level 10 in Shields
 19570 | Lair:1   | Reached skill level 5 in Throwing
 19916 | Lair:1   | Reached XP level 13. HP: 52/108 MP: 16/16
 20345 | Lair:1   | Reached **** piety under Trog
 20555 | Lair:1   | Noticed Erica
 20561 | Lair:1   | Killed Erica
 21057 | Lair:2   | Noticed Harold
 21068 | Lair:2   | Killed Harold
 21134 | Lair:2   | Found a gate leading to a gauntlet.
 21299 | Gauntlet | Entered a Gauntlet
 21299 | Gauntlet | Found a transporter.
 21299 | Gauntlet | Found a transporter.
 21457 | Gauntlet | Found a transporter.
 21460 | Gauntlet | Found a transporter.
 21460 | Gauntlet | Found a transporter.
 21460 | Gauntlet | Found a transporter.
 21465 | Gauntlet | Noticed a green death
 21470 | Gauntlet | Found a transporter.
 21474 | Gauntlet | Found a transporter.
 21479 | Gauntlet | Noticed a dire elephant
 21486 | Gauntlet | Found a transporter.
 21585 | Gauntlet | Found a transporter.
 21589 | Gauntlet | Found a transporter.
 21599 | Gauntlet | Found a transporter.
 21771 | Gauntlet | Killed a green death
 21955 | Gauntlet | Identified the ring of Siug {rC+ rN+ Dex-4 SInv}
 21982 | Gauntlet | Killed a dire elephant
 22000 | Gauntlet | Identified the +1 barding of Hopscotch {rF+ rCorr}
 22003 | Gauntlet | Identified the +1 falchion of Licker {venom, Str+5 Int+4}
 22041 | Gauntlet | Noticed a minotaur
 22051 | Gauntlet | Killed a minotaur
 22652 | Lair:2   | Found a staircase to the Snake Pit.
 22661 | Lair:2   | Reached skill level 10 in Armour
 23459 | Lair:3   | Reached XP level 14. HP: 107/115 MP: 17/17
 23861 | Lair:3   | Found a staircase to the Swamp.
 24896 | Lair:4   | Found a white marble altar of Elyvilon.
 25006 | Lair:4   | Found a staircase to the Slime Pits.
 25015 | Lair:4   | Found a viscous altar of Jiyva.
 25447 | Lair:4   | You fall into a shaft and drop 1 floor!
 25447 | Lair:5   | Entered Level 5 of the Lair of Beasts
 25615 | Lair:4   | Reached ***** piety under Trog
 26599 | Lair:4   | Found a staircase to the Slime Pits.
 26600 | Lair:4   | Found a viscous altar of Jiyva.
 26601 | Lair:4   | Found a white marble altar of Elyvilon.
 27202 | Lair:5   | Reached skill level 15 in Shields
 27233 | Lair:5   | Received a gift from Trog
 27234 | Lair:5   | Reached XP level 15. HP: 120/120 MP: 12/18
 27650 | Lair:5   | Reached skill level 13 in Fighting
 28676 | Lair:5   | Identified the +9 hand axe "Wipedgh" {flame, rCorr Dex+5}
 28804 | Lair:5   | Reached skill level 14 in Fighting
 29043 | Lair:5   | Identified the +5 trident "Sarcophage" {venom, Dex+2}
 29526 | Lair:5   | Found a corrupted altar of Lugonu.
 29535 | Lair:5   | Identified the +1 plate armour of Midwinter {Stlth+}
 31025 | D:13     | Found Kaamm's Gadget Gallery.
 31140 | D:13     | Found a gate to the Vaults.
 31146 | D:13     | Reached skill level 15 in Fighting
 31288 | D:13     | Identified the +6 dagger of Toydwam {drain, rPois rC+}
 33077 | D:13     | Found a gate to the Vaults.
 33270 | D:13     | Found Kaamm's Gadget Gallery.
 34395 | D:14     | Found the +4 skin of Zhor {*Englaciate rC+++ SInv}
 34540 | D:15     | Entered Level 15 of the Dungeon
 34540 | D:15     | Found a staircase to the Depths.
 34596 | D:14     | Reached XP level 16. HP: 82/135 MP: 12/19
 35053 | D:15     | Noticed Nessos
 35063 | D:15     | Killed Nessos
 35894 | D:15     | Reached skill level 10 in Evocations
 36088 | D:15     | Found Erhehu Toiku's Assorted Antiques.
 36094 | D:15     | Bought a potion of heal wounds for 140 gold pieces
 36094 | D:15     | Bought a potion of curing for 84 gold pieces
 36094 | D:15     | Bought a scroll of identify for 56 gold pieces
 36616 | Orc:1    | Entered Level 1 of the Orcish Mines
 36891 | Orc:2    | Entered Level 2 of the Orcish Mines
 38189 | Orc:2    | Reached skill level 16 in Fighting
 38361 | Orc:2    | Found a staircase to the Elven Halls.
 39111 | Orc:2    | Paralysed by an orc sorcerer for 3 turns
 39289 | Orc:2    | Found Foruv's Distillery.
 39289 | Orc:2    | Found Jisaeshu's Distillery.
 39293 | Orc:2    | Found Ranaepp's Assorted Antiques.
 39293 | Orc:2    | Found Xokhlioga's General Store.
 39403 | Orc:2    | Bought a potion of heal wounds for 80 gold pieces
 39403 | Orc:2    | Bought a potion of might for 64 gold pieces
 39403 | Orc:2    | Bought a potion of resistance for 160 gold pieces
 39403 | Orc:2    | Bought a potion of mutation for 128 gold pieces
 39408 | Orc:2    | Bought a potion of might for 60 gold pieces
 39408 | Orc:2    | Bought 2 potions of resistance for 300 gold pieces
 39408 | Orc:2    | Bought a potion of mutation for 120 gold pieces
 39408 | Orc:2    | Bought a potion of curing for 45 gold pieces
 39408 | Orc:2    | Bought a potion of curing for 45 gold pieces
 39408 | Orc:2    | Bought a potion of haste for 150 gold pieces
 39411 | Orc:2    | Bought a potion of might for 168 gold pieces
 39411 | Orc:2    | Bought a scroll of enchant armour for 315 gold pieces
 39591 | D:4      | Bought 3 scrolls of teleportation for 117 gold pieces
 39591 | D:4      | Bought 2 scrolls of teleportation for 78 gold pieces
 39591 | D:4      | Bought a scroll of enchant weapon for 97 gold pieces
 39828 | Snake:1  | Entered Level 1 of the Snake Pit
 39830 | Snake:1  | Found a white marble altar of Elyvilon.
 39934 | Snake:1  | Identified the serpent talisman "Nidghaj" {Dex+3}
 39934 | Snake:1  | Noticed Aizul
 39955 | Snake:1  | Killed Aizul
 40223 | Snake:1  | Found Paam's Armour Boutique.
 40434 | Snake:1  | Reached skill level 17 in Fighting
 42605 | Snake:1  | Reached skill level 18 in Fighting
 43888 | Snake:2  | Reached XP level 17. HP: 151/151 MP: 16/20
 44715 | Snake:2  | Reached skill level 19 in Fighting
 45095 | Snake:2  | You fall into a shaft and drop 1 floor!
 45897 | Snake:2  | Found Voasy's Magic Scroll Emporium.
 45903 | Snake:2  | Bought a scroll of identify for 42 gold pieces
 47218 | Snake:2  | Reached skill level 20 in Fighting
 47863 | Snake:3  | Found a runed translucent gate.
 47863 | Snake:3  | Found a runed translucent gate.
 47863 | Snake:3  | Found a runed translucent gate.
 47865 | Snake:3  | Found an opulent altar of Gozag.
 47867 | Snake:3  | Noticed popper's ghost (journeyman MiBe)
 47868 | Snake:3  | Found Mighyetia's Assorted Antiques.
 47868 | Snake:3  | Found Nuibroad's Assorted Antiques.
 48024 | Snake:4  | Entered Level 4 of the Snake Pit
 48670 | Snake:4  | Received a gift from Trog
 48695 | Snake:4  | HP: 7/155 [salamander/+0 halberd (7)]
 48695 | Snake:4  | Killed from afar by a salamander tyrant

Illustrated notes

Levels and vault maps discovered:
D:1:      dpeg_arrival_simpleton_c, layout_loops_ring, nicolae_eternal_life,
          nicolae_hexahallways
D:2:      layout_rooms, uniq_robin, uniq_jessica
D:3:      layout_loops_ring, nicolae_overflow_crystal_walls,
          nicolae_vehumet_radiance, columned_hall_lemuel, uniq_sigmund
D:4:      minmay_inner_zag, layout_rooms, serial_shops, shop
D:5:      layout_loops_ring, minmay_temple_entry_antechambers,
          grunt_ministairs_5, minmay_misc_feat_rows
D:6:      layout_gridville, abandoned_shop
D:7:      nicolae_whirlpool, layout_basic, uniq_jeremiah
D:8:      layout_cave_pools, gammafunk_temple_overflow_statue,
          serial_gnoll_camp, gnoll_camp_mini_loothouse,
          gnoll_camp_mini_doghouse, gnoll_camp_mini_house,
          gnoll_camp_huts_basic, gnoll_camp_mini_sergeant,
          gnoll_camp_mini_house, st_stairs_11, amcnicky_altar_lugonu_corruption,
          uniq_maggie, uniq_amaemon, uniq_joseph
D:9:      layout_stronghold, marbit_many_paths, grunt_lair_entry_orc_guard_hut
D:10:     layout_rooms, mainiacjoe_overflow_paths,
          hangedman_abyss_or_decor_passed, uniq_urug
D:11:     layout_cave_pods, elyvilon_altar_4
D:12:     layout_stronghold, portal_ice_cave_rime, lemuel_flame_loot_1
D:13:     layout_gridville, skrybe_vaults_entry_preservation,
          nicolae_shop_gadgets
D:14:     layout_cave_pools, hellmonk_guarded_unrand_zhor
D:15:     gammafunk_depths_entry_grave, layout_small_grid, serial_shops,
          nicolae_shop_pleasant_corner_grove, uniq_nessos
Temple:   kb_temple_of_zot
Lair:1:   layout_long_grid, grunt_megastairs_3, uniq_erica
Lair:2:   layout_cave_pods, guppyfry_snake_entry_island, gauntlet_entry_generic,
          st_stairs_13, uniq_harold
Lair:3:   layout_roguey, swamp_mist, grunt_megastairs_5,
          infiniplex_staircase_pool
Lair:4:   nzn_winding_woodlands_large [nzn_winding_woodlands_5x5_closed_star,
          nzn_winding_woodlands_5x15_split_checker,
          nzn_winding_woodlands_5x5_default, nzn_winding_woodlands_center_lodge,
          nzn_winding_woodlands_15x15_killbox,
          nzn_winding_woodlands_center_garden,
          nzn_winding_woodlands_5x5_default,
          nzn_winding_woodlands_5x15_pathside_ponds,
          nzn_winding_woodlands_5x5_perimeter], layout_regular_city,
          nicolae_slime_entry_slimehenge, basic_altar,
          dreamdust_mushroom_princess, beast_lair_carwin_11
Lair:5:   hellmonk_lair_end_abyssal_woods, layout_long_grid
Snake:1:  layout_layer_cave, serial_shops, nicolae_shop_behind_doors,
          basic_altar, uniq_aizul
Snake:2:  layout_basic, serial_shops, shop, nicolae_triple_integral
Snake:3:  layout_misc_corridors, ebering_ghost_gozag, grunt_ministairs_13
Snake:4:  grunt_snake_rune_spirals, layout_onion_interference,
          minmay_snake_pond, serial_bayou_shore_a
Orc:1:    layout_caves
Orc:2:    grunt_orc_tribal_feast, layout_caves

Skill      XL: |  1  2  3  4  5  6  7  8  9 10 11 12 13 14 15 16 17 |
---------------+----------------------------------------------------+-----
Fighting       | 1 2 3 4 6 10 12 15 18 20 | 20.0
Polearms       | 2 3 4 5 7 9 10 14 | 14.0
Evocations     | 3 5 9 10 | 10.0
Armour         | 2 4 5 6 10 | 10.8
Dodging        | 5 |  5.0
Throwing       | 2 3 5 |  5.0
Shields        | 5 10 15 | 15.0
Stealth        | |  2.1
Spellcasting   | |  2.0
Conjurations   | |  0.7
Earth Magic    | |  2.4

Action                     |  1- 3 |  4- 6 |  7- 9 | 10-12 | 13-15 | 16-18 || total
---------------------------+-------+-------+-------+-------+-------+-------++-------
  Melee: Unarmed           |    43 |       |       |       |       |       ||    43
         Dagger            |       |     2 |       |       |       |       ||     2
         Halberd           |       |   104 |   318 |       |       |       ||   422
         Spear             |       |     5 |       |       |       |       ||     5
         Trident           |       |       |   101 |   841 |  1660 |  1193 ||  3795
         Punch             |       |       |       |     5 |       |       ||     5
  Throw: Javelin           |       |       |     3 |    14 |     3 |    19 ||    39
         Dart              |       |       |       |     1 |       |       ||     1
         Throwing net      |       |       |       |     1 |       |       ||     1
   Cast: Sandblast         |    78 |    45 |     3 |       |       |       ||   126
 Invoke: Berserk           |       |       |     2 |    34 |    42 |    35 ||   113
         Trog's Hand       |       |       |       |     4 |     5 |     3 ||    12
  Evoke: Wand              |       |       |     4 |       |     5 |     7 ||    16
         Lightning rod     |       |       |       |       |       |     1 ||     1
    Use: Scroll            |       |     1 |     8 |    11 |     8 |     7 ||    35
         Potion            |       |     1 |     1 |     1 |     5 |     5 ||    13
   Stab: Sleeping          |       |     7 |     8 |     3 |     2 |     2 ||    22
         Paralysed         |       |       |     2 |       |       |       ||     2
         Distracted        |       |       |     1 |       |     2 |       ||     3
         Held in net/web   |       |       |       |     1 |       |       ||     1
         Invisible         |       |       |       |       |       |     2 ||     2
 Armour: Robe              |    39 |   104 |    17 |       |       |       ||   160
         Plate armour      |       |       |    55 |       |   171 |   247 ||   473
         Leather armour    |       |       |   127 |       |       |   292 ||   419
         Ring mail         |       |       |    12 |   352 |   490 |       ||   854
  Dodge: Dodged            |    52 |   126 |   263 |   470 |   667 |   258 ||  1836
  Block: Kite shield       |       |       |       |   245 |   856 |   453 ||  1554
         Tower shield      |       |       |       |       |       |   220 ||   220
